Map: [ESL] Moondance

Players

Neeb

  • Race: Protoss Protoss
  • League: Master
  • Spawn Location: 12:00

Serral - Winner!

  • Race: Zerg Zerg
  • Spawn Location: 6:00

Event: HomeStory Cup XXI

VOD

Have the link to the VOD?

Description

Time

  • Played on: July 24, 2022, 10:06 a.m.
  • Length: 46:57

All games in this series

Show
View Real Time Build Order
Export as new Build Order

Neeb Protoss 

Build Orders: 1 Gate Expand, Oracle Opening, Mass Adepts 

Get SALT Encoding   

  12  0:00  Probe  
  13  0:12  Probe  
  14  0:17  Pylon  
  14  0:24  Probe (Chrono Boost)  
  15  0:36  Probe (Chrono Boost)  
  15  0:41  Gateway  
  16  0:44  Probe (Chrono Boost)  
  16  0:47  Assimilator  
  17  0:50  Probe  
  18  1:03  Probe  
  19  1:15  Probe  
  20  1:24  Nexus  
  20  1:33  Cybernetics Core  
  20  1:37  Probe  
  21  1:44  Assimilator  
  21  1:49  Probe  
  21  1:51  Pylon  
  22  2:01  Probe (Chrono Boost)  
  22  2:07  Adept (Chrono Boost)  
  23  2:10  Warp Gate  
  23  2:11  Probe (Chrono Boost)  
  26  2:16  Probe (Chrono Boost)  
  27  2:27  Probe  
  27  2:29  Adept (Chrono Boost)  
  28  2:36  Probe  
  31  2:39  Probe, Stargate  
  32  2:48  Probe  
  32  2:50  Adept (Chrono Boost)  
  33  2:52  Probe  
  36  3:00  Probe, Gateway  
  36  3:03  Gateway  
  37  3:06  Probe  
  37  3:12  Probe  
  39  3:18  Probe  
  40  3:24  Probe, Oracle (Chrono Boost)  
  42  3:30  Probe  
  41  3:36  Probe  
  41  3:40  Pylon  
  42  3:50  Nexus, Probe  
  42  3:51  Oracle (Chrono Boost)  
  42  3:54  Probe  
  45  3:58  Adept  
  45  4:02  Adept x2  
  49  4:05  Probe  
  49  4:08  Pylon  
  52  4:12  Probe  
  52  4:14  Assimilator  
  53  4:17  Assimilator  
  53  4:20  Probe  
  54  4:24  Pylon  
  54  4:26  Probe  
  54  4:29  Adept x2  
  54  4:30  Adept  
  61  4:33  Probe  
  62  4:42  Probe  
  62  4:43  Oracle (Chrono Boost)  
  66  4:45  Probe  
  66  4:47  Pylon  
  67  4:55  Adept  
  67  4:57  Probe  
  70  5:02  Adept, Twilight Council  
  70  5:03  Adept  
  70  5:05  Probe  
  75  5:12  Probe  
  76  5:16  Forge  
  76  5:17  Probe x2, Forge  
  78  5:24  Probe  
  77  5:29  Probe x2  
  77  5:36  Probe  
  77  5:38  Blink (Chrono Boost)  
  77  5:40  Nexus  
  77  5:41  Probe x2  
  80  5:45  Protoss Ground Weapons Level 1 (Chrono Boost), Protoss Ground Armor Level 1 (Chrono Boost)  
  80  5:48  Probe  
  81  5:50  Stalker  
  81  5:53  Probe  
  81  5:54  Probe  
  85  5:58  Pylon  
  85  6:04  Sentry  
  85  6:05  Sentry  
  85  6:06  Probe  
  90  6:13  Probe  
  90  6:16  Pylon  
  90  6:17  Probe  
  92  6:18  Pylon  
  92  6:21  Gateway  
  92  6:24  Gateway  
  92  6:26  Gateway x2  
  92  6:27  Gateway  
  92  6:29  Probe  
  92  6:30  Probe  
  92  6:31  Shield Battery  
  94  6:34  Probe  
  95  6:44  Gateway  
  95  6:45  Gateway  
  95  6:47  Gateway  
  95  6:50  Gateway  
  95  6:51  Probe x2  
  95  6:52  Probe  
  95  6:53  Probe  
  99  6:58  Stalker x3  
  105  7:14  Nexus, Charge (Chrono Boost)  
  105  7:17  Pylon  
  105  7:18  Probe x3  
  105  7:20  Stalker  
  105  7:21  Stalker x3  
  116  7:32  Pylon  
  116  7:34  Pylon  
  116  7:36  Stalker x3, Protoss Ground Armor Level 2 (Chrono Boost), Protoss Ground Weapons Level 2 (Chrono Boost)  
  122  7:38  Shield Battery  
  122  7:42  Pylon  
  122  7:51  Stalker x4  
  122  7:52  Stalker  
  122  7:53  Stalker  
  134  7:59  Probe x2  
  134  8:02  Zealot x4  
  144  8:17  Zealot x2  
  144  8:18  Zealot x4  
  156  8:30  Probe x2  
  156  8:31  Probe  
  159  8:34  Zealot x5  
  155  8:51  Stalker x6  
  157  8:58  Zealot x5  
  160  9:05  Probe  
  160  9:08  Probe x2  
  151  9:11  Shield Battery  
  151  9:12  Probe  
  150  9:18  Probe x2  
  150  9:21  Stalker x11  
  150  9:23  Probe x2  
  168  9:24  Probe  
  168  9:30  Probe  
  156  9:34  Probe  
  156  9:35  Probe x2  
  156  9:37  Photon Cannon x2  
  149  9:46  Zealot x6  
  149  9:47  Zealot x2  
  149  9:49  Protoss Shields Level 1 (Chrono Boost), Protoss Ground Weapons Level 3 (Chrono Boost)  
  165  9:57  Zealot x3  
  171  10:04  Probe x2  
  171  10:06  Assimilator x2  
  173  10:07  Probe  
  173  10:08  Assimilator  
  173  10:10  Assimilator  
  174  10:17  Templar Archives  
  174  10:18  Probe x2, Assimilator  
  174  10:19  Probe x2  
  178  10:27  Photon Cannon  
  178  10:37  Pylon x2  
  178  10:39  Pylon  
  178  10:40  Gateway  
  178  10:41  Gateway  
  178  10:42  Robotics Facility, Gateway  
  178  10:43  Gateway  
  178  10:48  Shield Battery  
  178  10:55  High Templar  
  178  10:56  High Templar x3, Zealot x4  
  194  11:03  Archon  
  194  11:05  Pylon  
  194  11:06  Archon  
  190  11:13  Zealot x3  
  184  11:22  Probe  
  184  11:23  Zealot x4  
  175  11:31  High Templar x2  
  175  11:32  High Templar x2  
  179  11:35  High Templar, Zealot x5  
  179  11:37  Zealot  
  179  11:39  Archon  
  168  11:43  Zealot x2  
  168  11:44  Zealot  
  159  11:52  Observer (Chrono Boost)  
  160  11:56  Sentry  
  160  11:59  Probe x2  
  164  12:10  High Templar x4  
  164  12:11  Zealot x7  
  164  12:13  Nexus, Warp Prism (Chrono Boost), Zealot x3  
  192  12:15  Archon  
  192  12:16  Archon  
  192  12:21  Photon Cannon  
  192  12:22  Photon Cannon  
  191  12:24  Shield Battery  
  189  12:42  Zealot x4  
  163  12:44  Zealot  
  163  12:45  Zealot x10  
  163  12:48  Observer  
  154  13:05  Stalker x7  
  154  13:06  Stalker x3  
  154  13:11  Immortal (Chrono Boost)  
  172  13:16  Robotics Facility  
  176  13:24  Assimilator  
  176  13:25  Assimilator  
  150  13:28  Psionic Storm  
  148  13:37  High Templar x4  
  148  13:39  Protoss Shields Level 2  
  148  13:40  High Templar x2  
  160  13:43  Immortal (Chrono Boost)  
  164  13:51  Zealot x6  
  162  14:01  Probe x2  
  162  14:02  Stalker x5, Immortal (Chrono Boost)  
  174  14:18  High Templar  
  174  14:19  Nexus, Sentry, Immortal (Chrono Boost), High Templar, Zealot x2  
  174  14:20  Zealot  
  190  14:24  Archon  
  188  14:34  Immortal (Chrono Boost)  
  192  14:39  High Templar  
  192  14:40  High Templar, Zealot x2  
  200  15:03  Archon  
  178  15:14  High Templar  
  178  15:15  High Templar x5  
  178  15:16  Zealot x4  
  198  15:21  Archon  
  198  15:26  Fleet Beacon  
  193  15:29  Stargate, Zealot x3  
  192  15:36  Zealot x4  
  193  15:54  Photon Cannon  
  193  15:55  Shield Battery  
  193  16:03  Carrier (Chrono Boost)  
  193  16:06  Nexus  
  199  16:13  Pylon  
  199  16:15  Protoss Air Weapons Level 1 (Chrono Boost)  
  199  16:16  Protoss Shields Level 3 (Chrono Boost)  
  199  16:19  Carrier (Chrono Boost)  
  199  16:23  Immortal  
  197  16:38  Pylon  
  197  16:39  Pylon  
  195  16:47  High Templar x2  
  195  16:52  Archon  
  199  17:03  Carrier (Chrono Boost)  
  199  17:10  Protoss Ground Armor Level 3 (Chrono Boost)  
  199  17:12  Photon Cannon  
  199  17:14  Photon Cannon  
  189  17:17  Photon Cannon, High Templar x3  
  189  17:18  High Templar  
  189  17:20  Photon Cannon  
  189  17:21  Photon Cannon  
  189  17:22  Archon x2  
  197  17:24  Photon Cannon  
  197  17:25  Shield Battery  
  197  17:27  Shield Battery  
  197  17:31  Shield Battery  
  197  17:32  Shield Battery  
  197  17:33  Nexus  
  197  17:34  Pylon  
  197  17:42  Oracle (Chrono Boost)  
  194  17:52  Assimilator  
  194  17:54  Photon Cannon x2  
  194  17:56  Photon Cannon  
  194  17:58  Photon Cannon  
  194  18:01  Assimilator  
  194  18:05  Stalker  
  194  18:06  Protoss Air Weapons Level 2 (Chrono Boost)  
  194  18:16  Stargate  
  194  18:18  Stargate  
  194  18:21  Stargate  
  194  18:23  Stargate  
  194  18:51  Photon Cannon  
  194  18:54  Photon Cannon x3  
  194  18:55  Shield Battery  
  194  18:56  Shield Battery  
  194  18:59  Pylon  
  194  19:02  Pylon  
  192  19:06  Zealot x3  
  195  19:13  Pylon  
  195  19:16  Pylon  
  195  19:18  Dark Shrine  
  195  19:19  Zealot x2  
  199  20:01  Nexus, Pylon  
  199  20:04  Mothership (Chrono Boost)  
  197  20:22  Protoss Air Armor Level 1  
  199  21:01  Dark Templar  
  191  21:17  Nexus  
  191  21:18  Pylon, Shadow Stride (Chrono Boost)  
  189  21:42  Photon Cannon  
  189  21:44  Photon Cannon  
  189  21:46  Shield Battery  
  187  22:06  Tempest (Chrono Boost)  
  187  22:07  Tempest x2 (Chrono Boost)  
  200  22:13  Tempest (Chrono Boost)  
  191  22:30  Oracle (Chrono Boost)  
  191  22:37  Probe  
  200  22:40  Tempest (Chrono Boost)  
  200  22:41  Pylon  
  200  22:45  Nexus  
  200  23:10  Pylon  
  200  23:24  Tempest  
  200  23:26  Shield Battery  
  195  23:30  Mothership (Chrono Boost)  
  193  23:39  Dark Templar x2  
  185  23:47  Flux Vanes, Unknown  
  185  23:52  Shield Battery  
  185  23:53  Shield Battery  
  176  23:56  Photon Cannon x2  
  176  23:58  Pylon, Tempest x4  
  195  24:13  Photon Cannon  
  195  24:16  Photon Cannon  
  194  24:18  High Templar x2  
  194  24:19  Photon Cannon, High Templar  
  193  24:30  Pylon  
  188  24:46  Observer  
  197  25:01  Assimilator  
  197  25:03  Oracle x2  
  197  25:04  Oracle, Assimilator  
  197  25:06  Photon Cannon  
  198  25:07  Photon Cannon  
  188  25:18  Protoss Air Weapons Level 3 (Chrono Boost)  
  188  25:19  Tempest x2  
  181  25:21  Tempest  
  186  25:40  Tempest x2  
  185  25:58  Observer (Chrono Boost)  
  185  26:02  Tempest x2  
  185  26:03  Shield Battery  
  197  26:05  Shield Battery  
  189  26:41  Tempest (Chrono Boost)  
  189  26:44  Tempest (Chrono Boost)  
  194  27:12  Robotics Facility x2  
  198  27:24  Void Ray (Chrono Boost)  
  198  27:47  Pylon  
  198  28:07  Shield Battery  
  198  28:08  Shield Battery  
  198  28:12  Protoss Air Armor Level 2  
  191  28:21  Void Ray x3  
  191  28:24  Void Ray x2  
  191  28:26  Void Ray  
  195  28:27  High Templar x2  
  195  28:31  Archon  
  172  29:30  High Templar  
  172  29:31  High Templar x4  
  198  29:40  Oracle x2  
  198  29:43  Void Ray  
  198  29:44  Void Ray x2  
  200  29:58  Pylon  
  200  30:02  Shield Battery  
  199  30:14  Pylon  
  199  30:18  Pylon  
  199  30:20  Pylon  
  199  30:42  Shield Battery  
  199  30:43  Shield Battery  
  199  30:44  Shield Battery x2  
  199  30:48  Pylon  
  199  31:42  Void Ray (Chrono Boost)  
  199  31:43  Void Ray x4 (Chrono Boost)  
  199  31:45  Void Ray (Chrono Boost)  
  181  32:13  Nexus  
  197  32:16  Pylon  
  197  32:17  Void Ray x4 (Chrono Boost)  
  197  33:07  Probe x2  
  197  33:08  Probe  
  200  33:26  Pylon  
  200  33:46  Protoss Air Armor Level 3 (Chrono Boost)  
  198  34:12  Pylon  
  198  34:18  Pylon  
  198  34:23  Robotics Bay  
  197  34:36  Shield Battery  
  197  34:38  Nexus  
  197  34:41  Shield Battery  
  197  34:43  Shield Battery  
  197  34:46  Shield Battery  
  197  34:50  Shield Battery  
  189  35:22  Photon Cannon, Probe x4  
  189  35:23  Photon Cannon, Probe  
  189  35:25  Photon Cannon  
  189  35:27  Photon Cannon  
  193  35:30  Shield Battery  
  193  35:34  Probe  
  193  35:35  Probe x2  
  196  35:43  Pylon  
  192  35:58  Dark Templar x2  
  192  35:59  Dark Templar x2  
  200  36:13  Gravitic Boosters  
  200  36:21  Archon x2  
  200  36:23  Tempest (Chrono Boost)  
  200  36:38  Void Ray (Chrono Boost), Tempest x2 (Chrono Boost)  
  200  36:53  Shield Battery  
  199  37:04  Assimilator  
  199  37:17  Assimilator  
  200  37:51  Observer x2  
  197  38:27  Oracle  
  190  38:42  Tempest x2  
  200  39:01  Nexus  
  200  39:02  Pylon  
  200  39:05  Photon Cannon x2  
  200  39:11  Pylon  
  197  39:33  Oracle  
  161  40:18  Probe  
  161  40:19  Probe x4  
  177  40:21  Void Ray x4  
  177  40:30  High Templar x4  
  185  40:38  Zealot x5  
  185  40:39  Zealot x2  
  199  40:43  Pylon  
  199  40:54  Photon Cannon  
  199  40:56  Photon Cannon  
  199  40:58  Photon Cannon  
  199  40:59  Photon Cannon  
  199  41:10  Pylon  
  192  41:37  Probe  
  192  41:44  Oracle x2  
  198  41:49  Probe  
  196  42:02  Probe  
  180  42:10  Mothership (Chrono Boost)  
  180  42:14  Probe (Chrono Boost)  
  184  42:27  Probe (Chrono Boost)  
  184  42:28  Probe x3 (Chrono Boost)  
  189  42:32  Tempest x2, Probe (Chrono Boost)  
  200  42:37  Probe (Chrono Boost)  
  186  43:03  Tempest x2  
  183  43:15  Tempest x2  
  183  43:19  Zealot x4  
  199  43:27  Zealot  
  199  43:28  Zealot x2  
  192  43:45  Tempest  
  167  44:18  Tempest x2  
  167  44:19  Tempest  
  167  44:22  Pylon  
  174  44:28  Zealot x6  
  186  44:37  Probe  
  177  44:42  Probe x3  
  177  44:44  Probe  
  177  44:45  Tempest  
  180  44:49  Probe  
  186  44:54  Probe  
  186  44:56  Pylon  
  187  45:08  Probe  
  187  45:14  Tempest x2  
  194  45:20  Probe  
  194  45:30  Tempest x2  
  194  45:33  Probe  
  143  45:51  Zealot x4  
  143  45:52  Zealot x3  
  92  46:21  Zealot x3  
Show
View Real Time Build Order
Export as new Build Order

Serral Zerg - Winner!

Build Orders: Hatch First, Lurkers 

Get SALT Encoding   

  12  0:00  Drone  
  13  0:12  Overlord  
  13  0:16  Drone  
  14  0:30  Drone x2  
  16  0:45  Drone  
  17  0:51  Hatchery  
  17  0:53  Drone  
  17  0:57  Drone  
  18  1:07  Extractor  
  17  1:12  Spawning Pool  
  17  1:15  Drone  
  17  1:20  Drone  
  18  1:28  Drone  
  19  1:39  Drone  
  20  1:49  Overlord  
  20  2:00  Queen  
  22  2:02  Queen  
  22  2:03  Zergling x4  
  26  2:10  Drone  
  26  2:12  Metabolic Boost  
  26  2:14  Drone  
  28  2:21  Drone  
  29  2:24  Drone  
  30  2:34  Hatchery  
  29  2:38  Drone  
  29  2:41  Drone  
  31  2:46  Queen  
  31  2:51  Overlord  
  33  2:54  Drone  
  33  2:57  Drone  
  35  3:04  Zergling x2  
  36  3:08  Overlord  
  36  3:11  Queen  
  38  3:13  Zergling x4  
  36  3:23  Drone x4  
  36  3:25  Drone  
  39  3:28  Drone  
  39  3:33  Drone  
  39  3:34  Drone  
  41  3:36  Drone  
  41  3:38  Drone  
  43  3:46  Queen  
  45  3:50  Drone x3  
  45  3:51  Drone  
  49  3:57  Overlord  
  49  3:58  Drone x2  
  49  4:00  Drone  
  52  4:10  Spore Crawler  
  52  4:12  Spore Crawler, Drone x4  
  52  4:14  Zergling x2  
  54  4:19  Queen  
  54  4:22  Zergling x2  
  57  4:27  Spore Crawler  
  57  4:28  Queen  
  58  4:33  Drone x2  
  58  4:35  Drone x2  
  63  4:38  Overlord  
  63  4:40  Overlord  
  63  4:41  Drone  
  63  4:43  Drone  
  65  4:46  Drone  
  65  4:47  Overlord  
  65  4:54  Overlord  
  65  4:55  Drone  
  65  4:58  Drone x4  
  65  4:59  Drone  
  71  5:01  Drone  
  71  5:02  Drone  
  73  5:09  Drone x4  
  73  5:10  Spore Crawler  
  73  5:12  Drone x2  
  75  5:18  Zergling x8  
  75  5:20  Lair  
  79  5:25  Drone  
  79  5:26  Evolution Chamber  
  79  5:30  Evolution Chamber  
  79  5:32  Drone x4  
  79  5:33  Drone  
  79  5:35  Drone  
  83  5:37  Drone  
  83  5:42  Drone, Hatchery  
  85  5:48  Extractor x2  
  84  5:50  Extractor, Drone x4  
  84  5:51  Evolution Chamber  
  84  5:53  Drone x2  
  84  5:57  Overlord  
  87  5:58  Drone x3  
  87  6:00  Drone  
  87  6:04  Overlord  
  91  6:08  Drone  
  92  6:12  Drone  
  93  6:25  Roach Warren, Drone x8, Evolution Chamber  
  100  6:26  Zerg Melee Weapons Level 1  
  100  6:27  Baneling Nest, Extractor  
  100  6:28  Extractor, Hatchery  
  100  6:30  Overlord  
  100  6:31  Drone x3  
  98  6:35  Queen  
  98  6:37  Spore Crawler, Overlord  
  99  6:41  Zergling x4  
  101  6:49  Zergling x12  
  101  6:50  Overlord  
  101  6:54  Zerg Missile Weapons Level 1  
  107  6:55  Overlord  
  107  7:04  Drone x4  
  107  7:06  Zergling x6  
  107  7:07  Glial Reconstitution  
  107  7:08  Overlord  
  114  7:11  Overlord, Pneumatized Carapace  
  114  7:12  Centrifugal Hooks  
  114  7:21  Overlord  
  114  7:25  Zergling x20  
  124  7:34  Drone x2  
  125  7:37  Roach  
  125  7:38  Roach x3  
  125  7:42  Roach x5  
  143  7:47  Roach x6  
  152  7:52  Infestation Pit  
  152  7:53  Drone x4  
  152  7:56  Overlord  
  152  7:57  Overlord x2  
  155  8:00  Roach  
  155  8:02  Roach  
  159  8:09  Roach x2, Zergling x8  
  167  8:16  Zergling x10  
  167  8:19  Zergling x10  
  177  8:21  Zerg Melee Weapons Level 2  
  177  8:23  Baneling x11  
  177  8:26  Zergling x10  
  182  8:32  Queen  
  182  8:33  Zergling x4  
  177  8:44  Zergling x20  
  172  8:49  Zergling x12  
  175  8:59  Zergling x10  
  160  9:04  Roach x7  
  160  9:08  Roach x5  
  154  9:12  Roach x2  
  132  9:17  Roach x5  
  132  9:20  Roach x2  
  133  9:28  Roach x3  
  134  9:32  Roach x2  
  134  9:36  Roach x4  
  145  9:40  Zerg Ground Armor Level 1  
  145  9:41  Hive  
  147  9:45  Drone x3  
  147  9:46  Drone x3  
  147  9:48  Zergling x4  
  147  9:50  Spore Crawler  
  147  9:51  Baneling x8  
  152  9:55  Zergling x10  
  157  10:01  Overlord  
  157  10:03  Zergling x4  
  157  10:04  Queen x2  
  163  10:11  Zergling x6, Hydralisk Den  
  165  10:14  Zergling x2  
  165  10:15  Zergling x8  
  165  10:18  Zergling x8, Hatchery  
  165  10:19  Zergling x2  
  174  10:22  Overlord  
  174  10:23  Overlord  
  174  10:31  Baneling x8  
  174  10:32  Zergling x16  
  182  10:36  Drone x2  
  182  10:40  Zergling x4  
  182  10:41  Baneling x6  
  182  10:42  Overlord  
  186  10:46  Grooved Spines, Lurker Den  
  185  10:52  Zergling x18  
  194  10:57  Zerg Melee Weapons Level 3  
  194  10:59  Adrenal Glands  
  193  11:09  Zergling x2  
  193  11:10  Zergling x14  
  187  11:19  Zergling x24  
  178  11:29  Zergling x10  
  176  11:34  Zergling x6  
  176  11:39  Zergling x4  
  155  11:46  Zergling x2  
  155  11:47  Zergling x8  
  142  11:51  Zerg Ground Armor Level 2  
  142  11:52  Roach x5  
  142  11:53  Baneling x4  
  142  11:54  Baneling x10  
  150  12:01  Extractor, Drone x3  
  152  12:02  Hydralisk x6  
  152  12:06  Muscular Augments  
  152  12:07  Seismic Spines  
  164  12:10  Drone, Extractor  
  164  12:11  Drone x2  
  164  12:12  Zergling x4  
  168  12:16  Zergling x6  
  168  12:20  Baneling x6  
  171  12:28  Extractor, Drone x3  
  171  12:29  Zergling x12  
  179  12:35  Zergling x10  
  179  12:36  Zergling x4  
  172  12:38  Lurker x2  
  158  12:45  Zergling x18  
  158  12:48  Zergling x8  
  158  12:51  Zergling x6  
  151  12:58  Zergling x18  
  140  13:04  Adaptive Talons  
  141  13:06  Lurker x2  
  141  13:12  Zergling x16  
  151  13:13  Baneling x4  
  150  13:20  Hydralisk  
  150  13:21  Hydralisk x3  
  150  13:22  Hydralisk  
  150  13:26  Hydralisk x2  
  152  13:30  Hydralisk x3  
  155  13:39  Hydralisk x2  
  155  13:40  Zergling x6  
  162  13:43  Zergling x2  
  163  13:50  Lurker x5  
  165  13:55  Zergling x2  
  165  13:56  Zergling x18  
  165  13:59  Zergling x4  
  171  14:03  Zergling x2  
  171  14:04  Zergling x2  
  171  14:07  Lurker x6  
  173  14:11  Zergling x12  
  173  14:13  Spore Crawler  
  173  14:15  Spine Crawler  
  173  14:16  Zergling x4, Zerg Missile Weapons Level 2  
  174  14:18  Spine Crawler  
  173  14:24  Viper  
  173  14:26  Hydralisk x3  
  173  14:27  Zergling x6  
  185  14:34  Hydralisk x2  
  185  14:35  Zergling x6  
  191  14:43  Overseer  
  191  14:45  Spire, Drone x2  
  193  14:46  Zergling x14  
  192  14:58  Zergling x16  
  200  15:00  Baneling x13  
  181  15:07  Hydralisk, Zergling x2  
  181  15:08  Zergling x8  
  181  15:12  Hydralisk  
  181  15:13  Zergling x4  
  184  15:16  Zergling x10  
  188  15:22  Zergling x2  
  188  15:23  Zergling x10  
  190  15:28  Burrow  
  190  15:32  Zergling x10  
  190  15:36  Baneling x6  
  190  15:37  Baneling  
  190  15:41  Zergling x2  
  190  15:42  Zergling x6  
  188  15:50  Baneling x5  
  188  15:53  Zergling x6, Overseer  
  188  15:54  Zergling x16  
  199  15:58  Spore Crawler  
  196  16:17  Zergling x14  
  187  16:20  Overlord x3  
  187  16:22  Greater Spire  
  187  16:23  Overlord  
  186  16:30  Overlord  
  184  16:33  Overlord  
  184  16:34  Overlord  
  184  16:36  Overlord  
  184  16:37  Overlord  
  184  16:41  Overseer  
  184  16:42  Zerg Ground Armor Level 3, Zerg Missile Weapons Level 3  
  180  16:54  Zergling x6  
  180  16:55  Zergling x2  
  184  17:03  Corruptor x5  
  194  17:11  Viper x2  
  197  17:16  Extractor  
  197  17:17  Extractor  
  197  17:19  Spore Crawler  
  197  17:20  Spore Crawler  
  197  17:22  Spore Crawler  
  192  17:26  Corruptor x2  
  192  17:27  Corruptor  
  192  17:29  Spire  
  197  17:35  Zerg Flyer Armor Level 1  
  197  17:49  Spine Crawler x3  
  194  17:53  Drone x3  
  194  17:54  Overseer  
  194  17:55  Nydus Network  
  196  18:16  Corruptor x2, Overseer x2  
  196  18:19  Overseer  
  200  18:31  Hatchery  
  199  18:41  Nydus Canal  
  199  18:47  Corruptor x3  
  198  18:51  Infestor  
  187  19:13  Brood Lord x5  
  187  19:14  Brood Lord  
  199  19:18  Nydus Canal  
  196  19:25  Spore Crawler  
  196  19:27  Spore Crawler x2  
  196  19:28  Spore Crawler x2  
  196  19:29  Spore Crawler  
  196  19:30  Corruptor x6  
  199  19:38  Spore Crawler  
  198  19:40  Spore Crawler x4  
  198  19:43  Spore Crawler  
  198  19:44  Drone x4  
  196  20:01  Brood Lord  
  196  20:02  Zerg Flyer Armor Level 2  
  196  20:03  Zerg Flyer Weapons Level 1  
  198  20:07  Pathogen Glands  
  198  20:10  Hatchery  
  198  20:12  Overlord  
  198  20:13  Overlord  
  197  20:16  Baneling x7  
  197  20:31  Infestor  
  199  21:03  Neural Parasite, Hatchery  
  198  21:09  Hatchery  
  197  21:13  Overlord  
  197  21:15  Drone x2  
  199  21:37  Spore Crawler x2  
  197  21:49  Spore Crawler  
  197  21:50  Spore Crawler  
  197  21:51  Spore Crawler  
  197  21:53  Spore Crawler x2  
  197  21:54  Spore Crawler, Infestor  
  191  21:55  Spore Crawler, Infestor x3  
  198  22:32  Drone  
  198  22:34  Zerg Flyer Armor Level 3, Zerg Flyer Weapons Level 2  
  199  23:04  Corruptor x7  
  188  23:07  Hydralisk x3  
  188  23:11  Brood Lord x2  
  198  23:17  Extractor x2  
  198  23:18  Nydus Canal  
  196  23:26  Spore Crawler, Drone x2  
  188  23:41  Infestor  
  188  23:45  Viper, Drone x3  
  193  23:54  Infestor  
  193  23:56  Zergling x14  
  200  24:14  Ultralisk Cavern  
  198  24:32  Overlord  
  196  24:47  Infestor x2  
  196  24:50  Nydus Canal  
  197  25:19  Corruptor, Zerg Flyer Weapons Level 3  
  199  25:23  Drone  
  200  25:28  Overseer  
  200  25:38  Extractor x2  
  200  25:39  Drone x2  
  198  25:59  Chitinous Plating  
  198  26:01  Lurker x2  
  200  26:12  Baneling x2  
  185  26:40  Ultralisk x2  
  194  27:13  Drone x2  
  194  27:14  Drone  
  194  27:15  Corruptor  
  197  27:18  Anabolic Synthesis  
  197  27:19  Corruptor  
  195  27:29  Brood Lord x2  
  183  27:44  Ultralisk x2  
  183  27:50  Corruptor x3  
  181  28:20  Corruptor x11  
  195  28:30  Overseer  
  194  28:44  Drone x2  
  194  28:45  Drone  
  194  28:48  Hatchery  
  166  29:19  Ultralisk  
  166  29:20  Ultralisk x2  
  176  29:27  Overlord x3  
  173  29:37  Overlord  
  172  29:47  Infestor x5  
  182  29:58  Corruptor x5  
  192  30:13  Drone  
  193  30:18  Brood Lord  
  193  30:19  Brood Lord  
  197  30:30  Spore Crawler  
  196  30:36  Overseer  
  196  30:38  Brood Lord  
  196  30:39  Corruptor  
  194  30:57  Corruptor  
  194  30:58  Corruptor x2  
  200  31:04  Lair  
  200  31:12  Overlord x3  
  194  31:26  Corruptor x2  
  192  31:35  Corruptor x2  
  192  31:36  Corruptor x2  
  192  31:55  Extractor  
  192  31:56  Extractor  
  190  32:03  Zergling x4  
  190  32:04  Zergling x4  
  194  32:09  Brood Lord  
  194  32:11  Brood Lord  
  194  32:12  Drone, Corruptor  
  200  32:17  Hatchery  
  200  32:18  Hive  
  199  32:25  Drone  
  200  32:43  Overseer x4  
  193  32:52  Brood Lord  
  193  32:53  Corruptor x3  
  196  33:41  Corruptor  
  196  33:42  Corruptor  
  192  34:27  Zergling x22  
  195  35:03  Zergling x12  
  187  35:14  Zergling x6  
  187  35:15  Zergling x2  
  187  35:17  Corruptor x2, Viper  
  182  36:16  Spawning Pool  
  172  36:32  Corruptor x2  
  168  36:33  Corruptor x2  
  176  36:48  Brood Lord x2  
  176  36:49  Corruptor x9  
  194  37:32  Drone  
  194  37:33  Drone x2  
  194  37:39  Extractor  
  194  37:40  Extractor  
  194  37:41  Zergling x14  
  193  38:14  Zergling x12  
  198  38:48  Drone  
  198  38:53  Baneling  
  198  38:54  Baneling x3  
  199  39:06  Spore Crawler x2  
  199  39:09  Zergling x12  
  199  39:12  Zergling x2  
  199  39:13  Overseer  
  199  39:19  Spore Crawler  
  199  39:20  Spore Crawler x2  
  196  39:28  Baneling  
  196  39:29  Baneling x5  
  192  39:54  Zergling x14  
  192  39:59  Infestor x4  
  168  40:15  Viper x3  
  168  40:17  Zergling x4  
  168  40:18  Zergling x10  
  168  40:20  Hatchery  
  183  40:29  Zergling x8  
  180  40:40  Zergling x16  
  185  40:43  Zergling x2  
  185  40:46  Queen x2  
  185  40:47  Queen x3  
  190  40:54  Infestor  
  192  41:03  Zergling x14  
  181  42:13  Queen x2  
  181  42:14  Queen x3  
  187  42:29  Extractor x2  
  185  42:39  Brood Lord  
  185  42:40  Corruptor  
  185  42:41  Corruptor x3  
  192  42:44  Drone x3  
  185  42:59  Zergling x14  
  185  43:01  Drone  
  185  43:04  Overseer  
  189  43:05  Zergling x4  
  189  43:10  Corruptor x2  
  189  43:11  Corruptor x3  
  185  43:47  Baneling x4  
  185  43:48  Zergling x30  
  166  44:31  Brood Lord x4  
  166  44:32  Brood Lord  
  166  44:37  Overseer  
  166  44:51  Infestor  
  168  45:07  Infestor  
  169  45:18  Infestor  
  155  45:42  Corruptor  
  117  46:18  Corruptor x2  
Tags
 
Add a new tag
Caveats
  • Supply blocks, unpowered buildings, or Contaminate may cause inaccurate times.
  • Supply counts are checked every 10 seconds.